 Dungeon Crawl Stone Soup version 0.28.0 (webtiles) character file.

Game seed: 4759737367032928757

11 KittyKat the Sneak (level 2, 17/17 HPs)
             Began as a Kobold Brigand on Feb 13, 2022.
             Got out of the dungeon alive.
             The game lasted 00:02:36 (232 turns).

KittyKat the Sneak (Kobold Brigand)                  Turns: 232, Time: 00:02:37

Health: 17/17      AC:  3    Str:  8    XL:     2   Next: 35%
Magic:  2/2        EV: 14    Int: 12    God:
Gold:   79         SH:  0    Dex: 16    Spells: 1/1 levels left

rFire   . . .      SeeInvis .   a - +2 dagger
rCold   . . .      Faith    .   (no shield)
rNeg    . . .      Spirit   .   b - +0 robe
rPois   .          Reflect  .   (no helmet)
rElec   .          Harm     .   c - +0 cloak
rCorr   .          Rampage  .   (no gloves)
Will    .....                   (no boots)
Stlth   ++++......              (no amulet)
HPRegen 0.05/turn               (no ring)
MPRegen 0.08/turn               (no ring)

@: no status effects
A: small, no large weapons, nightstalker 3
a: no special abilities


You escaped.
You visited 1 branch of the dungeon, and saw 2 of its levels.

You collected 79 gold pieces.

Inventory:

Hand Weapons
 a - a +2 dagger (weapon)
Missiles
 d - 8 poisoned darts (quivered)
 e - 2 curare-tipped darts
Armour
 b - a +0 robe (worn)
 c - a +0 cloak (worn)
Jewellery
 g - a ring of magical power
Potions
 f - a potion of heal wounds {unknown}


   Skills:
 - Level 2.1 Fighting
 + Level 3.1 Short Blades
 - Level 2.1 Throwing
 - Level 1.2 Dodging
 * Level 5.9 Stealth


You had one spell level left.
You didn't know any spells.
Your spell library contained the following spells:

 Spells                   Type           Power      Damage    Failure   Level
 Apportation              Tloc           0%         N/A       32%         1
 Dazzling Flash           Conj/Hex       0%         N/A       69%         3
 Iskenderun's Mystic Bla  Conj/Tloc      0%         2d3       97%         4
 Alistair's Intoxication  Tmut/Pois      0%         N/A       100%        5
 Starburst                Conj/Fire      0%         6d3       100%        6


Dungeon Overview and Level Annotations

Branches:
Dungeon (2/15)

Altars:


Innate Abilities, Weirdness & Mutations

You are small and have problems with some larger weapons.
You are completely attuned to the shadows.


Message History

You impale the bat!!
You kill the bat!
Your Short Blades skill increases to level 3!
You see here a bat corpse.
The helpless goblin fails to defend itself.
You perforate the goblin like a sieve!!!
You kill the goblin!
You have reached level 2!
Found a shiny marble ring.
g - a ring of magical power A hobgoblin comes into view.
The helpless hobgoblin fails to defend itself.
You impale the hobgoblin!!
You kill the hobgoblin!
Found 11 gold pieces.
Found an escape hatch in the floor.
There is an escape hatch in the floor here.
You now have 65 gold pieces (gained 11).
Found a stone staircase leading down.
A dart slug comes into view.
There is a stone staircase leading down here.
The helpless dart slug fails to defend itself.
You stick the dart slug like a pincushion!!!
You kill the dart slug!
Found 14 gold pieces.
You now have 79 gold pieces (gained 14).
Found a book of Spectacle.
There is a fountain of clear blue water here.
You pick up a book of Spectacle and begin reading...
You add the spells Dazzling Flash, Iskenderun's Mystic Blast and Starburst to your library.
There is an open door here.
There is a staircase leading out of the dungeon here.
Are you sure you want to leave the Dungeon?
This will make you lose the game!
Alright, then stay!
There is a staircase leading out of the dungeon here.
Are you sure you want to leave the Dungeon?
This will make you lose the game!
Uppercase [Y]es or [N]o only, please.
Are you sure you want to leave the Dungeon?
This will make you lose the game!
Alright, then stay!
Are you sure you want to leave the Dungeon?
This will make you lose the game!
You have escaped!

...#
.......... #.#
#.....# ####
.###...###.#.#
#.....#
#.......#.#.#
####'##
#.⌠.#.⌠.#.#.#
#.#
....#.....#.#
#.#
...###....#.#
#.#
##..#..####.#
###.###
.....'..#.##
#.....#
##+###.@#..#
#.....#
#..##.##
#.....#
#####..#
###.### ##.#
#..... #.#
#..... #.#####
#.....
#.....###.....
#.....##...###
#.....##...#


There were no monsters in sight!

Vanquished Creatures
  A dart slug (D:1)
  3 bats (D:1)
  A goblin (D:1)
  A hobgoblin (D:1)
  A quokka (D:1)
  A rat (D:1)
8 creatures vanquished.

Notes
Turn   | Place    | Note
-------+----------+-------------------------------------------
     0 | D:1      | KittyKat the Kobold Brigand began the quest for the Orb.
     0 | D:1      | Reached XP level 1. HP: 12/12 MP: 1/1
     2 | D:1      | You fall into a shaft and drop 1 floor!
   118 | D:1      | Reached XP level 2. HP: 17/17 MP: 2/2
   232 | D:$      | Got out of the dungeon alive.

Illustrated notes

Levels and vault maps discovered:
D:1:      dpeg_arrival_court, layout_basic, feat_on_display
D:2:      minmay_chambers_of_twos, layout_loops_ring, basic_altar

Skill      XL: |  1 |
---------------+----+-----
Short Blades   | 3 |  3.1
Fighting       | |  2.1
Throwing       | |  2.1
Dodging        | |  1.2
Stealth        | |  5.9

Action                   || total
-------------------------++-------
Melee: Dagger            ||    14
 Stab: Sleeping          ||     7
Armor: Robe              ||     4
Dodge: Dodged            ||    10
